 Dungeon Crawl Stone Soup version 0.32-a0-597-g8e3e136d6a (webtiles) character file.

Game seed: 10091035026229585878

19602 BeKind the Protected (level 12, -3/89 HPs)
             Began as a Barachi Ice Elementalist on Mar 2, 2024.
             Was a High Priest of Okawaru.
             Incinerated by a deep elf pyromancer (14 damage)
             ... with a pyre arrow
             ... on level 13 of the Dungeon.
             The game lasted 00:30:50 (14629 turns).

BeKind the Protected (Barachi Ice Elementalist)    Turns: 14629, Time: 00:30:51

Health: -3/89      AC: 15    Str: 12    XL:     12   Next: 70%
Magic:  4/19       EV: 17    Int: 25    God:    Okawaru [*****.]
Gold:   668        SH:  7    Dex: 15    Spells: 3/21 levels left

rFire   . . .        h - +3 trident (flame)
rCold   x . .        J - +2 buckler
rNeg    . . .        F - +0 steam dragon scales
rPois   .            (no helmet)
rElec   +            p - +1 cloak
rCorr   .            (no gloves)
SInv    .            D - +3 pair of boots of the Four Knives {rElec rC- Str+3 Slay+3}
Will    .....        (no amulet)
Stlth   +            l - +6 ring of intelligence
HPRegen 0.34/turn    t - ring of wizardry
MPRegen 0.16/turn

%: wizardry (x1)
@: on fire, freezing walls, glowing, slow
A: amphibious, slowness 1, strong legs 1, +LOS
a: Hop, Renounce Religion, Heroism, Finesse, Duel


You were on level 13 of the Dungeon.
You worshipped Okawaru.
Okawaru was extremely pleased with you.
You visited 2 branches of the dungeon, and saw 15 of its levels.

You collected 668 gold pieces.

Inventory:

Hand Weapons
 c - a +0 dagger
 e - a +0 falchion of electrocution
 h - a +3 trident of flaming (weapon)
Missiles
 i - 3 throwing nets
Armour
 a - a +0 robe
 f - a +0 ring mail
 k - a +0 cloak
 p - a +1 cloak (worn)
 D - the +3 pair of boots of the Four Knives (worn) {rElec rC- Str+3 Slay+3}
   (You found it on level 6 of the Dungeon)

   Str+3:     It affects your strength (+3).
   Slay+3:    It affects your accuracy & damage with ranged weapons and melee
   (+3).
   rC-:       It makes you vulnerable to cold.
   rElec:     It insulates you from electricity.
 F - +0 steam dragon scales (worn)
 J - a +2 buckler (worn)
Jewellery
 l - a +6 ring of intelligence (left hand)
 t - a ring of wizardry (right hand)
 y - a ring of magical power
Wands
 n - a wand of light (18)
 C - a wand of iceblast (19)
 E - a wand of paralysis (21)
 G - a wand of mindburst (14)
 R - a wand of polymorph (5)
Scrolls
 d - 2 scrolls of noise {unknown}
 g - 2 scrolls of fear {unknown}
 j - 2 scrolls of immolation
 m - 2 scrolls of enchant armour
 q - 2 scrolls of teleportation
 r - 5 scrolls of poison
 s - 2 scrolls of brand weapon
 v - a scroll of enchant weapon
 w - 2 scrolls of vulnerability
 x - 3 scrolls of fog
 H - a scroll of torment
 I - a scroll of silence
 N - a scroll of revelation {unknown}
 S - a scroll of identify
Potions
 b - 3 potions of magic
 o - 6 potions of heal wounds
 u - a potion of attraction
 z - 3 potions of brilliance {unknown}
 A - 2 potions of lignification {unknown}
 B - a potion of mutation {unknown}
 K - a potion of invisibility {unknown}
 L - 3 potions of curing
 M - a potion of might {unknown}
 O - a potion of degeneration {unknown}
 P - a potion of resistance {unknown}
 Q - 3 potions of ambrosia


   Skills:
 - Level 6.4 Fighting
 + Level 13.2 Armour
 + Level 11.4 Dodging
 - Level 2.0 Stealth
 - Level 5.1 Shields
 - Level 5.0 Spellcasting
 - Level 5.0 Conjurations
 - Level 5.4 Summonings
 - Level 10.4 Ice Magic
 + Level 5.0 Air Magic


You had 3 spell levels left.
You knew the following spells:

 Your Spells              Type           Power      Damage    Failure   Level
a - Freeze                Ice            100%       1d10      1%          1
b - Frozen Ramparts       Ice            100%       1d16      1%          3
c - Ozocubu's Armour      Ice            55%        N/A       1%          3
d - Summon Ice Beast      Ice/Summ       46%        N/A       1%          3
e - Hailstorm             Conj/Ice       44%        3d9       1%          3
f - Arcjolt               Conj/Air       15%        1d25      16%         5

Your spell library contained the following spells:

 Spells                   Type           Power      Damage    Failure   Level
 Magic Dart               Conj           100%       1d8       1%          1
 Sting                    Conj/Alch      72%        1d7       1%          1
 Mercury Vapours          Alch/Air       38%        N/A       2%          2
 Blink                    Tloc           12%        N/A       6%          2
 Sublimation of Blood     Necr           6%         N/A       6%          2
 Gell's Gravitas          Tloc           6%         N/A       13%         3
 Inner Flame              Hex/Fire       6%         N/A       13%         3
 Teleport Other           Tloc           6%         N/A       13%         3
 Metabolic Englaciation   Hex/Ice        16%        N/A       14%         5
 Flame Wave               Conj/Fire      18%        2d7       16%         4
 Vhi's Electric Charge    Tloc/Air       38%        N/A       16%         4
 Olgreb's Toxic Radiance  Alch           6%         N/A       38%         4
 Petrify                  Alch/Erth      6%         N/A       38%         4
 Sticky Flame             Fire/Alch      6%         2d4       38%         4
 Irradiate                Conj/Alch      9%         3d14      38%         5
 Lee's Rapid Deconstruct  Erth           3%         3d5*      71%         5
 Plasma Beam              Fire/Air       9%         2x1d20    90%         6
 Dispersal                Tloc           3%         N/A       99%         6
 Call Imp                 Summ           Unusable   N/A       N/A         2
 Summon Lightning Spire   Summ/Air       Unusable   N/A       N/A         4
 Animate Armour           Summ/Erth      Unusable   N/A       N/A         4
 Summon Mana Viper        Hex/Summ       Unusable   N/A       N/A         5
 Sculpt Simulacrum        Ice/Alch       Unusable   N/A       N/A         6
 Monstrous Menagerie      Summ           Unusable   N/A       N/A         7

Dungeon Overview and Level Annotations

Branches:
Dungeon (14/15)            Temple (1/1) D:5            Lair (0/5) D:10
    Orc (0/2) D:11
 Vaults: D:13-14

Altars:
Ashenzari
Cheibriados
Dithmenos
Fedhas
Gozag
Hepliaklqana
Kikubaaqudgha
Makhleb
Nemelex Xobeh
Okawaru
Qazlal
Ru
Sif Muna
Trog
Uskayaw
Vehumet
Wu Jian
Xom
Yredelemnul

Shops:
D:3 ?   D:11 ?

Annotations:
D:12 3 transporters


Innate Abilities, Weirdness & Mutations

You are amphibious.
You cover ground slowly.
You can hop short distances.
You have an extended range of vision and can be seen from far away.


Message History

The hail pelts the deep elf pyromancer!
The deep elf pyromancer is heavily wounded.
The liquid fire burns you!
The wall freezes the deep elf pyromancer!
The wall freezes the redback.
You kill the redback!
Okawaru accepts your kill. The heat melts your icy armour.
Casting: Hailstorm (safe; 1% risk of failure)
Confirm with . or Enter, or press ? or * to list all spells.
You don't know that spell.
You are too injured to fight recklessly!
Reach: h) +3 trident (flame)
Press: ? - help, Dir - move target, f - deep elf pyromancer
Aim: a deep elf pyromancer, wielding a +0 long sword and wearing a +0 ring mail (almost dead, about 39% to evade your +3 trident of flaming)
You reach to attack!
You closely miss the deep elf pyromancer.
The deep elf pyromancer is almost dead.
The liquid fire burns you!
* * * LOW HITPOINT WARNING * * *
The wall freezes the deep elf pyromancer.
You kill the deep elf pyromancer!
Okawaru accepts your kill.
A redback comes into view.
The heat melts your icy armour.
Your Air Magic skill increases to level 5!
You are on fire!
You are on fire!
Unknown command.
The liquid fire burns you!
Your icy armour melts away.
* * * LOW HITPOINT WARNING * * *
The wall freezes the redback.
Reach: h) +3 trident (flame)
Press: ? - help, Dir - move target, f - redback
Aim: a redback (lightly wounded, about 39% to evade your +3 trident of flaming)
You reach to attack!
You closely miss the redback.
The redback is lightly wounded.
The liquid fire burns you!
You die...

### #>#
#.## #.^#
#..#
#..#######
#..#.....##
#†@'...../.
#.†#.....##
#.s#######
.....
.....#..
....... ...
........
....
........
#..{#
########
#...


You could see a redback.

Vanquished Creatures
  Snorg (D:12)
  A hydra (D:13)
  2 centaur warriors (D:13)
  2 two-headed ogres
  2 deep elf pyromancers (D:13)
  3 cyclopes
  2 manticores
  A rime drake (D:10)
  3 gargoyles
  An unseen horror (D:13)
  A komodo dragon (D:11)
  An unseen horror zombie (D:10)
  2 kobold demonologists (D:10)
  A troll (D:12)
  A queen bee (D:11)
  A hornet (D:11)
  3 slime creatures (D:11)
  Sigmund (D:2)
  5 wyverns
  14 yaks (D:10)
  A warg (D:10)
  6 redbacks (D:13)
  A water moccasin (D:7)
  An orc warrior (D:9)
  6 ice beasts (D:10)
  A sky beast (D:6)
  A black bear (D:5)
  2 ogres (D:7)
  A phantom (D:6)
  2 wolves (D:10)
  13 centaurs
  2 kobold brigands (D:10)
  5 bullfrogs
  Blork the orc (D:4)
  A scorpion (D:5)
  A gnoll sergeant (D:9)
  19 killer bees (D:11)
  6 howler monkeys
  2 electric eels (D:12)
  A centaur zombie (D:10)
  A gnoll bouda (D:7)
  2 hounds (D:5)
  A bombardier beetle (D:7)
  2 jellies
  3 orc priests
  A sleepcap (D:5)
  Jessica (D:2)
  5 iguanas
  8 orc wizards
  17 gnolls
  8 adders
  3 white imps
  3 dart slugs
  A ribbon worm (D:2)
  20 orcs
  6 ball pythons
  7 bats
  6 endoplasms
  6 giant cockroaches
  11 goblins
  11 hobgoblins
  4 jackals (D:1)
  5 quokkas
  4 frilled lizards
  9 kobolds
  8 rats
274 creatures vanquished.

Vanquished Creatures (collateral kills)
  A steam dragon (D:7)
  2 ice beasts
  A kobold brigand (D:7)
  A gnoll sergeant (D:8)
  A wight (D:7)
  A howler monkey (D:7)
  A gnoll (D:8)
  2 orcs (D:7)
10 creatures vanquished.

Vanquished Creatures (others)
  A vampire (D:13)
  An orc (D:7)
2 creatures vanquished.

Grand Total: 286 creatures vanquished

Notes
Turn   | Place    | Note
-------+----------+-------------------------------------------
     0 | D:1      | BeKind the Barachi Ice Elementalist began the quest for the
                  | Orb.
     0 | D:1      | Reached XP level 1. HP: 13/13 MP: 3/3
   309 | D:1      | Reached XP level 2. HP: 19/19 MP: 3/5
   392 | D:1      | Reached skill level 5 in Ice Magic
   773 | D:1      | Reached XP level 3. HP: 24/24 MP: 6/6
   789 | D:1      | Reached skill level 1 in Armour
   970 | D:1      | You fall into a shaft and drop 1 floor!
  1011 | D:2      | Learned a level 3 spell: Frozen Ramparts
  1173 | D:2      | Reached XP level 4. HP: 28/30 MP: 3/8
  1174 | D:2      | Reached skill level 2 in Armour
  1198 | D:2      | Noticed Jessica
  1211 | D:2      | Killed Jessica
  1529 | D:2      | Reached XP level 5. HP: 35/35 MP: 9/9
  1647 | D:2      | Reached skill level 3 in Armour
  1671 | D:2      | Noticed Sigmund
  1682 | D:2      | Killed Sigmund
  1683 | D:2      | Reached skill level 4 in Armour
  1683 | D:2      | Reached XP level 6. HP: 29/41 MP: 0/11
  1967 | D:3      | Found Ydatsoh's Magic Scroll Boutique.
  2276 | D:3      | Found a faded altar of an unknown god.
  3528 | D:4      | Noticed Blork the orc
  3536 | D:4      | Killed Blork the orc
  3537 | D:4      | Reached XP level 7. HP: 6/46 MP: 4/12
  4071 | D:5      | Entered Level 5 of the Dungeon
  4075 | D:5      | Reached skill level 5 in Armour
  4182 | D:5      | Found a staircase to the Ecumenical Temple.
  4212 | Temple   | Entered the Ecumenical Temple
  4438 | D:5      | Found a shimmering blue altar of Sif Muna.
  4677 | D:5      | Reached skill level 6 in Armour
  4825 | D:5      | Reached XP level 8. HP: 51/52 MP: 10/14
  5114 | D:5      | Found a bloodstained altar of Trog.
  5206 | D:5      | Learned a level 3 spell: Ozocubu's Armour
  5210 | D:5      | Learned a level 3 spell: Summon Ice Beast
  5417 | D:6      | Reached skill level 5 in Dodging
  5417 | D:6      | Reached skill level 1 in Summonings
  5532 | D:6      | Found a hide-covered altar of Uskayaw.
  5682 | D:6      | Identified the +3 pair of boots of the Four Knives {rElec
                  | rC- Str+3 Slay+3}
  5691 | D:6      | Found a stormy altar of Qazlal.
  6172 | D:7      | Reached skill level 7 in Armour
  6186 | D:7      | Reached skill level 5 in Spellcasting
  6345 | D:7      | Reached skill level 1 in Fighting
  6487 | D:7      | Noticed a gargoyle
  6510 | D:7      | Reached XP level 9. HP: 60/61 MP: 16/16
  6802 | D:7      | Killed a gargoyle
  6803 | D:7      | Reached skill level 8 in Armour
  7087 | D:7      | Found a shadowy altar of Dithmenos.
  7913 | Temple   | Became a worshipper of Warmaster Okawaru
  8052 | D:8      | Reached skill level 5 in Fighting
  8456 | D:8      | Found a hazy altar of Hepliaklqana.
  8841 | D:9      | Reached XP level 10. HP: 25/76 MP: 11/17
  8841 | D:9      | Reached * piety under Okawaru
  8842 | D:9      | Reached skill level 5 in Summonings
  8941 | D:9      | Learned a level 3 spell: Hailstorm
  9101 | D:9      | Reached skill level 9 in Armour
  9102 | D:9      | Reached skill level 1 in Shields
  9117 | D:9      | Noticed a two-headed ogre
 10243 | D:10     | Entered Level 10 of the Dungeon
 10645 | D:10     | Reached ** piety under Okawaru
 10738 | D:10     | Found a basalt altar of Yredelemnul.
 10871 | D:10     | Reached *** piety under Okawaru
 10875 | D:10     | Reached skill level 10 in Armour
 10877 | D:10     | Reached XP level 11. HP: 48/83 MP: 11/18
 10879 | D:10     | Reached skill level 10 in Ice Magic
 11008 | D:10     | Reached **** piety under Okawaru
 11106 | D:10     | Found a staircase to the Lair.
 11114 | D:10     | Reached skill level 5 in Shields
 11255 | D:11     | Noticed a boulder beetle
 11438 | D:9      | Killed a two-headed ogre
 11439 | D:9      | Reached skill level 1 in Conjurations
 11681 | D:11     | Noticed a cyclops
 11696 | D:11     | Killed a cyclops
 11700 | D:11     | Reached skill level 11 in Armour
 11759 | D:11     | Reached ***** piety under Okawaru
 11773 | D:11     | Paralysed by a hornet for 2 turns
 11913 | D:11     | Found a staircase to the Orcish Mines.
 12065 | D:11     | Noticed a cyclops
 12074 | D:11     | Killed a cyclops
 12444 | D:11     | Received a gift from Okawaru
 12576 | D:11     | Found Westram's Magic Scroll Shoppe.
 12917 | D:11     | Reached skill level 10 in Dodging
 12988 | D:12     | Found a transporter.
 13072 | D:12     | Found a transporter.
 13077 | D:12     | Found a transporter.
 13104 | D:12     | Noticed Snorg
 13119 | D:12     | Killed Snorg
 13120 | D:12     | Reached skill level 12 in Armour
 13120 | D:12     | Reached skill level 5 in Conjurations
 13120 | D:12     | Reached XP level 12. HP: 89/89 MP: 7/19
 13126 | D:12     | Learned a level 5 spell: Arcjolt
 13244 | D:12     | Found a transporter.
 13246 | D:12     | Found a transporter.
 13299 | D:12     | Noticed a two-headed ogre
 13314 | D:12     | Killed a two-headed ogre
 13315 | D:12     | Reached skill level 1 in Air Magic
 13633 | D:12     | Found a transporter.
 14150 | D:13     | Noticed a centaur warrior
 14160 | D:13     | Noticed a centaur warrior
 14166 | D:13     | Received a gift from Okawaru
 14173 | D:13     | Killed a centaur warrior
 14181 | D:13     | Killed a centaur warrior
 14604 | D:14     | Noticed a tengu warrior
 14614 | D:13     | Noticed a seven-headed hydra
 14621 | D:13     | Killed a seven-headed hydra
 14622 | D:13     | Reached skill level 13 in Armour
 14628 | D:13     | Reached skill level 5 in Air Magic
 14629 | D:13     | Incinerated by a deep elf pyromancer

Illustrated notes

Levels and vault maps discovered:
D:1:      nzn_arrival_water_spiral, layout_basic
D:2:      minmay_alternating_diamond, layout_basic, uniq_jessica, uniq_sigmund
D:3:      layout_basic, serial_shops, nicolae_shop_just_a_little_nook,
          shapermc_ecumenical_altar_mp_ritualfount
D:4:      layout_basic, minmay_bisected, uniq_blork_the_orc
D:5:      layout_rooms, hellmonk_overflow_destroyed_library,
          minmay_temple_entry_large_hall, serial_corexii_hall,
          chequers_hall_statues_corner_a, corexii_hall_statues_t,
          chequers_hall_statues_corner_a, corexii_hall_statues_deadend,
          hex_tiny, nrook_pool_corridor
D:6:      layout_basic, lemuel_tele_altar, amcnicky_altar_gilded,
          minmay_misc_feat_doors, bh_walls_and_bars
D:7:      minmay_clustersquares, layout_basic, overflow_temple_1_default,
          dreamdust_princess_bridge
D:8:      layout_cave_pods, nicolae_hepliaklqana_hippocampus
D:9:      layout_basic, good_gods_temple_1, corexii_leaking_fountain
D:10:     layout_basic, lemuel_zombie_altar_yredelemnul,
          hellmonk_lair_entry_icy, chequers_serial_rivers_marsh,
          kennysheep_generic_room_11
D:11:     layout_rooms, david_orc_3, special_room [special_room_bee],
          serial_shops, nicolae_shop_rolled_up
D:12:     layout_basic, serial_nicolae_subway, nicolae_sub_station_crystal,
          nicolae_sub_station_stone, nicolae_sub_station_metal, uniq_snorg
D:13:     layout_basic, drop_trap
D:14:     layout_roguey, skrybe_vaults_entry_preservation,
          minmay_misc_feat_secret_circle, statue_in_the_mist_lemuel,
          grunt_decor_one_mirror, hangedman_decor_diamond_cutter,
          minmay_misc_feat_four_crosses, grunt_ministairs_4, uniq_roxanne,
          uniq_kirke
Temple:   chequers_temple_sunken

Skill      XL: |  1  2  3  4  5  6  7  8  9 10 11 12 |
---------------+-------------------------------------+-----
Stealth        | 2 |  2.0
Ice Magic      | 5 6 7 8 9 10 | 10.4
Armour         | 1 2 4 6 7 8 10 12 13 | 13.2
Dodging        | 3 4 5 6 8 10 11 | 11.4
Spellcasting   | 3 4 5 |  5.0
Summonings     | 2 4 5 |  5.4
Fighting       | 2 6 |  6.4
Shields        | 4 5 |  5.1
Conjurations   | 5 |  5.0
Air Magic      | 5 |  5.0

Action                     |  1- 3 |  4- 6 |  7- 9 | 10-12 || total
---------------------------+-------+-------+-------+-------++-------
  Melee: Unarmed           |     9 |       |       |       ||     9
         Falchion          |    67 |   105 |       |       ||   172
         Dagger            |    10 |       |       |       ||    10
         Trident           |       |       |   187 |   199 ||   386
   Cast: Freeze            |    11 |    15 |    26 |    99 ||   151
         Frozen Ramparts   |     1 |     7 |    22 |    45 ||    75
         Summon Ice Beast  |       |       |     8 |       ||     8
         Ozocubu's Armour  |       |       |     2 |     8 ||    10
         Hailstorm         |       |       |       |     2 ||     2
Ability: Hop               |       |       |     1 |     4 ||     5
    Use: Potion            |       |     1 |     1 |     1 ||     3
         Scroll            |       |       |       |    10 ||    10
   Stab: Distracted        |     1 |       |       |       ||     1
         Sleeping          |       |     2 |     2 |     1 ||     5
 Armour: Robe              |    17 |       |       |       ||    17
         Ring mail         |    64 |   124 |    79 |       ||   267
         Steam dragon scal |       |       |    79 |   264 ||   343
  Dodge: Dodged            |    71 |    73 |   160 |   261 ||   565
  Block: Buckler           |       |       |       |   138 ||   138

Table legend: (Time is in decaauts)
 A = Elapsed time spent in this place.
 B = Non-inter-level travel time spent in this place.
 C = Inter-level travel time spent in this place.
 D = Time resting spent in this place.
 E = Time spent auto-exploring this place.
 F = Levels seen in this place.
 G = Mean time per level.
                   A        B        C        D        E       F      G
               +--------+--------+--------+--------+--------+-----+--------+
         Total |  16389 |  15193 |   1196 |   1444 |  11350 |  15 | 1092.6 |
       Dungeon |  16331 |  15188 |   1143 |   1444 |  11350 |  14 | 1166.5 |
        Temple |     58 |      6 |     52 |      0 |      0 |   1 |   58.0 |
               +--------+--------+--------+--------+--------+-----+--------+

Top non-repeatable levels by time:
     D:8: 2199 daAuts
     D:7: 1782 daAuts
    D:11: 1399 daAuts
     D:5: 1367 daAuts
     D:4: 1322 daAuts
    D:10: 1238 daAuts
     D:3: 1107 daAuts
     D:2: 1106 daAuts
     D:1: 1086 daAuts
    D:12: 1048 daAuts
     D:6: 952 daAuts
     D:9: 950 daAuts
    D:13: 433 daAuts
    D:14: 337 daAuts
  Temple: 58 daAuts
